Construct Light Support Kompanie
Pak 38 Anti-tank Gun Team
Selects Battlefield Espionage Battlegroup
Selects 250/3 Funkpanzerwagen
Selects Anti-Tank Incendiary Munitions
Construct Panzerarmee Kommand
Selects Intel Disruption Beacon
Selects Sector Subterfuge Beacon
Selects Disruption Operation
Walking Stuka Rocket Launcher
Selects Operation Skorpion